 Dungeon Crawl Stone Soup version 0.25.1-1-g288607f5aa (webtiles) character file.

Game seed: 11978211786498344502

669 Ijustatesigmund the Chopper (level 7, -18/49 HPs)
             Began as an Octopode Fighter on July 23, 2020.
             Demolished by an ogre
             ... wielding a +0 giant club
              (29 damage)
             ... on level 5 of the Dungeon.
             The game lasted 00:05:56 (4050 turns).

Ijustatesigmund the Chopper (Octopode Fighter)      Turns: 4050, Time: 00:05:56

Health: -18/49     AC:  1    Str: 16    XL:     7   Next: 58%
Magic:  7/7        EV: 13    Int: 10    God:
Gold:   168        SH:  9    Dex: 13    Spells: 6/6 levels left

rFire    . . .     SeeInvis .   a - +2 war axe
rCold    . . .     Gourm    .   b - +0 kite shield
rNeg     + . .     Faith    .   (helmet restricted)
rPois    .         Spirit   .   (no amulet)
rElec    .         Reflect  .   j - ring of positive energy
rCorr    .         Harm     .   (no ring)
MR       .....                  (no ring)
Stlth    ++........             (no ring)
HPRegen  0.16/turn              (no ring)
MPRegen  0.10/turn              (no ring)
                                (no ring)
                                (no ring)

@: no status effects
A: almost no armour, stealthy swim, amphibious, 8 rings, constrict 8, camouflage
1, gelatinous body 1
a: no special abilities


You were on level 5 of the Dungeon.
You were hungry.

You visited 2 branches of the dungeon, and saw 6 of its levels.

You collected 168 gold pieces.

Inventory:

Hand Weapons
 a - a +2 war axe (weapon)
Armour
 b - a +0 kite shield (worn)
Jewellery
 j - a ring of positive energy (left tentacle)
 p - an uncursed ring of protection from magic {unknown}
Wands
 n - a wand of digging (3)
Scrolls
 e - a scroll of teleportation
 k - a scroll of remove curse
 o - a scroll of immolation
Potions
 c - a potion of might
 f - 4 potions of stabbing
 g - 2 potions of flight
 h - a potion of ambrosia {unknown}
 i - 3 potions of haste
 l - a potion of curing
 m - a potion of heal wounds {unknown}
Comestibles
 d - 10 rations


   Skills:
 + Level 4.5 Fighting
 * Level 5.4 Axes
 + Level 4.6 Dodging
 + Level 4.6 Shields


You had 6 spell levels left.
You didn't know any spells.
Your spell library contained the following spells:

 Spells                   Type           Power        Failure   Level  Hunger
 Confusing Touch          Hex            #.......     99%         3    ####...
 Gell's Gravitas          Tloc           #.........   99%         3    ####...
 Petrify                  Tmut/Erth      #.......     100%        4    #####..
 Metabolic Englaciation   Hex/Ice        #.........   100%        5    ######.
 Yara's Violent Unravell  Hex/Tmut       #.........   100%        5    ######.


Dungeon Overview and Level Annotations

Branches:
Dungeon (5/15)             Temple (1/1) D:4

Altars:
Ashenzari
Cheibriados
Dithmenos
Elyvilon
Fedhas
Gozag
Hepliaklqana
Kikubaaqudgha
Makhleb
Nemelex Xobeh
Okawaru
Qazlal
Ru
Sif Muna
Trog
Uskayaw
Vehumet
Wu Jian
Xom
Yredelemnul
The Shining One

Portals:
Ossuary: D:5


Innate Abilities, Weirdness & Mutations

You cannot wear most types of armour.
You are very stealthy in the water. (Stealth+)
You are amphibious.
You can wear up to eight rings at the same time.
You can use your tentacles to constrict eight enemies at once.
Your skin changes colour to match your surroundings (Stealth+).
Your rubbery body absorbs attacks. (AC +1, EV +1)


Message History

You hit the ogre.
The ogre is lightly wounded.
The ogre closely misses you.
You closely miss the ogre. You squeeze the ogre.
The ogre is moderately wounded.
The ogre hits you with a +0 giant club!!
Ouch! That really hurt!
* * * LOW HITPOINT WARNING * * *
You are too injured to fight recklessly!
You are too injured to fight recklessly!
You are too injured to fight recklessly!
You are too injured to fight recklessly!
You are too injured to fight recklessly!
You are too injured to fight recklessly!
You are too injured to fight recklessly!
You hit the ogre.
The ogre is moderately wounded.
The ogre hits you with a +0 giant club!!
Ouch! That really hurt!
You die...

#.####### #......(#
#######.# #.#
#.########
#.........
#######.########
........#########.#
#######.....@O....#
#######
#.###########
......# #..#
#####.# #..# #.#
#..# #.#####..#
#........#
########.# #.#


You could see an ogre.

Vanquished Creatures
  2 scorpions (D:4)
  4 crimson imps (D:5)
  A hound (D:4)
  An orc wizard (D:5)
  An iguana (D:5)
  4 worker ants
  Natasha (thrice) (D:2)
  A hound skeleton (D:4)
  A worker ant zombie (D:5)
  3 gnolls (D:2)
  7 adders
  A shadow imp (D:5)
  2 worms
  A dart slug (D:1)
  2 leopard geckos
  3 orcs
  5 bats
  5 giant cockroaches
  5 goblins
  6 hobgoblins
  3 kobolds
  2 quokkas (D:4)
  A ball python (D:1)
  6 frilled lizards
  A giant cockroach zombie (D:5)
  7 rats
  A butterfly (D:4)
79 creatures vanquished.

Notes
Turn   | Place    | Note
-------+----------+-------------------------------------------
     0 | D:1      | Ijustatesigmund the Octopode Fighter began the quest for
                  | the Orb.
     0 | D:1      | Reached XP level 1. HP: 16/16 MP: 1/1
   211 | D:1      | Reached XP level 2. HP: 21/21 MP: 2/2
   672 | D:2      | Noticed Natasha
   683 | D:2      | Killed Natasha
   683 | D:2      | Reached XP level 3. HP: 11/26 MP: 3/3
   941 | D:2      | Noticed Natasha
   947 | D:2      | Killed Natasha
   947 | D:2      | Reached skill level 3 in Axes
   947 | D:2      | Reached XP level 4. HP: 23/31 MP: 4/4
   961 | D:2      | Noticed Natasha
   967 | D:2      | Killed Natasha
  1226 | D:3      | Reached XP level 5. HP: 22/36 MP: 5/5
  2294 | D:3      | Reached skill level 4 in Axes
  2661 | D:4      | Reached XP level 6. HP: 43/43 MP: 6/6
  2786 | D:4      | Found a staircase to the Ecumenical Temple.
  2851 | Temple   | Entered the Ecumenical Temple
  3373 | D:5      | Entered Level 5 of the Dungeon
  3557 | D:5      | Reached XP level 7. HP: 45/48 MP: 7/7
  3599 | D:5      | Reached skill level 5 in Axes
  3892 | D:5      | Found a sand-covered staircase.
  4050 | D:5      | Demolished by an ogre

Illustrated notes

Levels and vault maps discovered:
D:1:      minmay_arrival_shoal_huts, layout_basic,
          chequers_serial_rivers_small_b, minmay_statues_item,
          minmay_stone_trees_small
D:2:      minmay_alternating_diamond, layout_basic, uniq_natasha
D:3:      layout_rooms, first_ration
D:4:      layout_loops_ring, minmay_temple_entry_butterflies
D:5:      layout_loops_ring, nicolae_ossuary_entry_false_entrances,
          gammafunk_ghost_grave
Temple:   kilobyte_greek_temple

Skill      XL: |  1  2  3  4  5  6  7 |
---------------+----------------------+-----
Axes           | 3 4 5 |  5.4
Dodging        | 4 |  4.6
Shields        | 4 |  4.6
Fighting       | 4 |  4.5

Action                   |  1- 3 |  4- 6 |  7- 9 || total
-------------------------+-------+-------+-------++-------
Melee: War axe           |    34 |    85 |    37 ||   156
       Constrict         |     8 |    23 |    11 ||    42
       Tentacles         |     3 |    18 |    10 ||    31
  Use: Scroll            |     5 |     7 |       ||    12
 Stab: Sleeping          |     5 |    12 |     4 ||    21
       Distracted        |       |     1 |       ||     1
  Eat: Chunk             |       |     4 |     2 ||     6
       Ration            |       |     1 |       ||     1
Armor: Skin              |     2 |     7 |     4 ||    13
Dodge: Dodged            |    13 |    37 |    12 ||    62
Block: Kite shield       |    15 |    49 |    11 ||    75
